Map: Kairos Junction LE

Players

SandboX

  • Race: Zerg Zerg
  • League: Gold
  • Spawn Location: 5:00

Anticlock - Winner!

  • Race: Zerg Zerg
  • League: Platinum
  • Spawn Location: 11:00

VOD

Have the link to the VOD?

Description

Time

  • Played on: Aug. 14, 2019, 8:59 p.m.
  • Length: 11:27
Show
View Real Time Build Order
Export as new Build Order

SandboX Zerg 

Build Orders: Hatch First 

Get SALT Encoding   

  12  0:01  Drone  
  13  0:12  Overlord  
  13  0:20  Drone  
  14  0:30  Drone x2  
  14  0:34  Drone  
  17  0:55  Hatchery  
  16  0:59  Drone  
  16  1:00  Drone  
  18  1:04  Extractor  
  17  1:19  Spawning Pool  
  17  1:21  Drone  
  17  1:25  Drone  
  17  1:30  Drone  
  19  1:40  Overlord  
  19  2:10  Zergling x6  
  22  2:22  Spine Crawler  
  21  2:23  Spine Crawler  
  21  2:27  Spine Crawler  
  21  2:29  Zergling x8  
  23  2:40  Queen  
  25  2:51  Metabolic Boost  
  22  3:20  Zergling x8  
  22  3:32  Zergling x8  
  26  3:45  Zergling x2  
  27  4:04  Hatchery  
  26  4:25  Drone x3  
  29  4:40  Overlord  
  28  5:09  Drone x4  
  32  5:16  Hatchery  
  32  5:17  Drone x2  
  33  5:25  Drone x3  
  36  5:44  Queen, Baneling Nest  
  36  5:47  Drone  
  36  5:49  Drone  
  39  6:05  Drone x5  
  39  6:07  Overlord  
  39  6:10  Overlord  
  44  6:34  Baneling x2  
  44  6:35  Baneling x9  
  44  6:37  Zergling x6  
  44  6:38  Zergling x6  
  50  6:42  Queen  
  50  6:44  Drone  
  50  6:45  Drone  
  54  6:55  Drone x5  
  57  7:44  Zergling x6  
  57  7:45  Zergling x10  
  57  7:46  Overlord x2  
  57  7:47  Overlord x2  
  65  8:02  Overlord x3  
  61  8:17  Zergling x28  
  65  8:38  Zergling x16  
  66  8:58  Baneling  
  66  8:59  Baneling x11  
  66  9:16  Spine Crawler  
  61  9:33  Lair  
  61  9:40  Roach Warren  
  61  9:44  Evolution Chamber  
  59  9:46  Evolution Chamber  
  59  9:49  Zergling x4  
  59  9:50  Zergling x50  
  85  9:54  Hatchery  
  85  9:59  Extractor  
  81  10:00  Extractor  
  81  10:03  Extractor  
  81  10:04  Extractor  
  72  10:07  Extractor  
  72  10:11  Spore Crawler  
  67  10:16  Spore Crawler  
  46  10:29  Spore Crawler  
  46  10:33  Zergling x34  
  45  10:43  Overseer  
  45  10:44  Overseer x4  
  45  11:08  Zergling x12  
Show
View Real Time Build Order
Export as new Build Order

Anticlock Zerg - Winner!

Build Orders: Pool First, Lurkers 

Get SALT Encoding   

  12  0:01  Drone  
  13  0:08  Drone  
  14  0:22  Extractor  
  13  0:31  Spawning Pool  
  13  0:32  Drone  
  13  0:39  Overlord  
  14  0:57  Drone  
  14  0:59  Drone x2  
  16  1:10  Overlord  
  16  1:21  Queen  
  18  1:29  Metabolic Boost  
  18  1:35  Zergling x4  
  20  1:42  Zergling x2  
  21  1:52  Zergling x2  
  22  2:03  Zergling x2  
  23  2:12  Zergling x2  
  24  2:24  Zergling x2  
  25  2:32  Zergling x6  
  25  2:34  Hatchery  
  27  2:38  Queen  
  27  2:39  Overlord  
  29  2:56  Overlord  
  29  3:00  Drone  
  28  3:14  Zergling x2  
  28  3:15  Zergling x4  
  30  3:28  Zergling x2  
  31  3:48  Queen  
  31  3:52  Drone  
  34  3:56  Lair  
  34  3:58  Drone  
  34  3:59  Drone x2  
  37  4:03  Spine Crawler  
  37  4:09  Drone  
  37  4:11  Spine Crawler  
  37  4:15  Drone  
  37  4:18  Spine Crawler  
  37  4:19  Drone  
  37  4:23  Drone  
  38  4:27  Drone  
  40  4:38  Drone  
  40  4:40  Drone x2  
  40  4:43  Zergling x2  
  43  4:51  Evolution Chamber  
  42  4:57  Evolution Chamber  
  42  4:59  Drone x4  
  45  5:08  Evolution Chamber  
  45  5:12  Spine Crawler  
  43  5:14  Drone  
  43  5:15  Drone  
  45  5:31  Queen  
  47  5:38  Drone x2, Extractor  
  47  5:39  Overlord, Hydralisk Den  
  47  5:41  Drone  
  48  5:45  Extractor  
  48  5:46  Extractor  
  46  5:52  Drone x2  
  46  5:53  Drone x2  
  46  5:54  Drone  
  51  5:58  Drone  
  51  6:00  Drone  
  51  6:02  Drone  
  54  6:07  Drone  
  54  6:08  Drone x2  
  57  6:12  Overlord  
  57  6:19  Drone  
  57  6:24  Grooved Spines  
  57  6:25  Lurker Den  
  57  6:27  Drone  
  57  6:29  Drone x2  
  57  6:32  Overlord  
  60  6:34  Drone  
  60  6:37  Drone  
  62  6:41  Zerg Ground Armor Level 1  
  62  6:56  Spore Crawler  
  62  6:58  Drone, Spore Crawler  
  62  6:59  Drone  
  62  7:00  Drone  
  63  7:04  Queen  
  63  7:05  Queen  
  67  7:20  Hydralisk x2  
  71  7:24  Overlord  
  71  7:30  Hatchery  
  71  7:36  Muscular Augments  
  62  7:49  Hydralisk x7  
  75  8:08  Hydralisk x3  
  71  8:41  Drone x3  
  66  8:42  Drone x4  
  66  8:43  Drone x3  
  66  8:44  Hydralisk x3  
  81  8:50  Lurker  
  81  8:52  Lurker  
  81  8:54  Lurker  
  84  8:59  Lurker  
  84  9:02  Hydralisk  
  87  9:30  Overlord  
  87  9:31  Overlord x2  
  87  9:49  Hydralisk x7  
  87  9:50  Hydralisk  
  87  9:51  Hydralisk x2  
  93  11:17  Extractor  
  93  11:18  Hatchery  
  91  11:22  Extractor  
Tags
 
Add a new tag
Caveats
  • Supply blocks, unpowered buildings, or Contaminate may cause inaccurate times.
  • Supply counts are checked every 10 seconds.